TOP OF THE 1ST |
Washington Nationals batting - Pitching for San Francisco Giants : RHP Max Scherzer
|
Pitching: RHP Max Scherzer
|
|
Batting: LHB Joe Panik
|
0-0: Ball 1-0: Called Strike 1-1: SINGLE (Groundball, 34D)
|
Batting: LHB Andrew Benintendi
|
0-0: Called Strike 0-1: Ball 1-1: Swinging Strike 1-2: Strikes out swinging
|
Batting: RHB Marcell Ozuna
|
0-0: Ball 1-0: Called Strike 1-1: Called Strike 1-2: Fly out, F8 (Line Drive, 8LM)
|
Batting: RHB Yulieski Gurriel
|
0-0: Called Strike 0-1: Ball 1-1: Ball 2-1: Ball 3-1: Called Strike 3-2: SINGLE (Groundball, 56D) Joe Panik to second Joe Panik to third
|
Batting: LHB Yonder Alonso
|
0-0: Ball 1-0: Called Strike 1-1: Foul Ball, location: 2F 1-2: Strikes out looking
|
Top of the 1st over - 0 runs, 2 hits, 0 errors, 2 left on base; Washington 0 - San Francisco 0 |
BOTTOM OF THE 1ST |
San Francisco Giants batting - Pitching for Washington Nationals : RHP Yu Darvish
|
Pitching: RHP Yu Darvish
|
|
Batting: LHB Jon Jay
|
0-0: Called Strike 0-1: Swinging Strike 0-2: Strikes out swinging
|
Batting: RHB Dustin Pedroia
|
0-0: Foul Ball, location: 2F 0-1: Called Strike 0-2: Ball 1-2: Foul Ball, location: 2F 1-2: SINGLE (Groundball, 5D)
|
Batting: LHB Anthony Rizzo
|
0-0: Ball 1-0: Foul Ball, location: 2F 1-1: Ball 2-1: Called Strike 2-2: Strikes out swinging
|
Batting: LHB Kyle Seager
|
0-0: Ball 1-0: Called Strike 1-1: Ball 2-1: Foul Ball, location: 2F 2-2: Ball 3-2: Foul Ball, location: 2F 3-2: Strikes out swinging
|
Bottom of the 1st over - 0 runs, 1 hit, 0 errors, 1 left on base; Washington 0 - San Francisco 0 |
TOP OF THE 2ND |
Washington Nationals batting - Pitching for San Francisco Giants : RHP Max Scherzer
|
Batting: RHB Chris Taylor
|
0-0: Ball 1-0: Fly out, F3 (Popup, 23F)
|
Batting: RHB Tyler Flowers
|
0-0: Foul Ball, location: 2F 0-1: Swinging Strike 0-2: Ball 1-2: Strikes out swinging
|
Batting: RHB Yu Darvish
|
0-0: Swinging Strike 0-1: Foul Ball, location: 2F 0-2: Strikes out looking
|
Top of the 2nd over - 0 runs, 0 hits, 0 errors, 0 left on base; Washington 0 - San Francisco 0 |
BOTTOM OF THE 2ND |
San Francisco Giants batting - Pitching for Washington Nationals : RHP Yu Darvish
|
Batting: RHB Nelson Cruz
|
0-0: Ball 1-0: Ball 2-0: Ball 3-0: Called Strike 3-1: Foul Ball, location: 2F 3-2: Strikes out swinging
|
Batting: LHB Corey Dickerson
|
0-0: Swinging Strike 0-1: Ball 1-1: Ball 2-1: Foul Ball, location: 2F 2-2: Ball 3-2: Fly out, F8 (Flyball, 8LD)
|
Batting: RHB Tim Anderson
|
0-0: Ball 1-0: Fly out, F8 (Flyball, 8RS)
|
Bottom of the 2nd over - 0 runs, 0 hits, 0 errors, 0 left on base; Washington 0 - San Francisco 0 |
TOP OF THE 3RD |
Washington Nationals batting - Pitching for San Francisco Giants : RHP Max Scherzer
|
Batting: SHB Aaron Hicks
|
0-0: Ball 1-0: Called Strike 1-1: Ball 2-1: Foul Ball, location: 2F 2-2: Ball 3-2: Fly out, F8 (Flyball, 8RS)
|
Batting: LHB Joe Panik
|
0-0: Ball 1-0: Called Strike 1-1: Ball 2-1: Foul Ball, location: 2F 2-2: Ball 3-2: Foul Ball, location: 2F 3-2: Foul Ball, location: 2F 3-2: DOUBLE (Line Drive, 7LD)
|
Batting: LHB Andrew Benintendi
|
0-0: Ball 1-0: Ball 2-0: Called Strike 2-1: Foul Ball, location: 2F 2-2: Ball 3-2: Fly out, F9 (Flyball, 9S)
|
Batting: RHB Marcell Ozuna
|
0-0: Called Strike 0-1: Foul Ball, location: 2F 0-2: Fly out, F1 (Popup, 15)
|
Top of the 3rd over - 0 runs, 1 hit, 0 errors, 1 left on base; Washington 0 - San Francisco 0 |
BOTTOM OF THE 3RD |
San Francisco Giants batting - Pitching for Washington Nationals : RHP Yu Darvish
|
Batting: RHB Chris Gimenez
|
0-0: Ball 1-0: Called Strike 1-1: Ball 2-1: Called Strike 2-2: Ball 3-2: Ground out 5-3 (Groundball, 5L)
|
Batting: RHB Max Scherzer
|
0-0: Foul Ball, location: 2F 0-1: Ball 1-1: Ball 2-1: Foul Ball, location: 2F 2-2: Foul Ball, location: 2F 2-2: Strikes out looking
|
Batting: LHB Jon Jay
|
0-0: Called Strike 0-1: Swinging Strike 0-2: Ball 1-2: Fly out, F7 (Line Drive, 7)
|
Bottom of the 3rd over - 0 runs, 0 hits, 0 errors, 0 left on base; Washington 0 - San Francisco 0 |
TOP OF THE 4TH |
Washington Nationals batting - Pitching for San Francisco Giants : RHP Max Scherzer
|
Batting: RHB Yulieski Gurriel
|
0-0: Called Strike 0-1: Fly out, F8 (Flyball, 8LD)
|
Batting: LHB Yonder Alonso
|
0-0: Called Strike 0-1: Foul Ball, location: 2F 0-2: Foul Ball, location: 2F 0-2: Fly out, F7 (Flyball, 7LD)
|
Batting: RHB Chris Taylor
|
0-0: Swinging Strike 0-1: Ball 1-1: Ball 2-1: SINGLE (Line Drive, 9S)
|
Batting: RHB Tyler Flowers
|
0-0: Called Strike 0-1: Called Strike 0-2: Foul Ball, location: 2F 0-2: Ball 1-2: Fielders Choice at 2nd, U6 (Groundball, 6M)
|
Top of the 4th over - 0 runs, 1 hit, 0 errors, 1 left on base; Washington 0 - San Francisco 0 |
BOTTOM OF THE 4TH |
San Francisco Giants batting - Pitching for Washington Nationals : RHP Yu Darvish
|
Batting: RHB Dustin Pedroia
|
0-0: Called Strike 0-1: Fly out, F7 (Line Drive, 78S)
|
Batting: LHB Anthony Rizzo
|
0-0: Called Strike 0-1: Ball 1-1: Ball 2-1: Ball 3-1: Fly out, F8 (Line Drive, 8RM)
|
Batting: LHB Kyle Seager
|
0-0: Ball 1-0: Swinging Strike 1-1: Swinging Strike 1-2: Ball 2-2: Strikes out swinging
|
Bottom of the 4th over - 0 runs, 0 hits, 0 errors, 0 left on base; Washington 0 - San Francisco 0 |
TOP OF THE 5TH |
Washington Nationals batting - Pitching for San Francisco Giants : RHP Max Scherzer
|
Batting: RHB Yu Darvish
|
0-0: Swinging Strike 0-1: Ball 1-1: Ball 2-1: Foul Ball, location: 2F 2-2: Foul Ball, location: 2F 2-2: Foul Ball, location: 2F 2-2: Strikes out swinging
|
Batting: SHB Aaron Hicks
|
0-0: Ball 1-0: Foul Ball, location: 2F 1-1: Called Strike 1-2: Foul Ball, location: 2F 1-2: Ball 2-2: Ball 3-2: Strikes out swinging
|
Batting: LHB Joe Panik
|
0-0: Called Strike 0-1: Foul Ball, location: 2F 0-2: Strikes out swinging
|
Top of the 5th over - 0 runs, 0 hits, 0 errors, 0 left on base; Washington 0 - San Francisco 0 |
BOTTOM OF THE 5TH |
San Francisco Giants batting - Pitching for Washington Nationals : RHP Yu Darvish
|
Batting: RHB Nelson Cruz
|
0-0: Called Strike 0-1: Ball 1-1: Called Strike 1-2: Ball 2-2: Strikes out swinging
|
Batting: LHB Corey Dickerson
|
0-0: Ball 1-0: Ball 2-0: Foul Ball, location: 2F 2-1: Swinging Strike 2-2: Ball 3-2: Strikes out swinging
|
Batting: RHB Tim Anderson
|
0-0: Called Strike 0-1: Foul Ball, location: 2F 0-2: Strikes out swinging
|
Bottom of the 5th over - 0 runs, 0 hits, 0 errors, 0 left on base; Washington 0 - San Francisco 0 |
TOP OF THE 6TH |
Washington Nationals batting - Pitching for San Francisco Giants : RHP Max Scherzer
|
Batting: LHB Andrew Benintendi
|
0-0: Called Strike 0-1: Ball 1-1: Ball 2-1: Fly out, F3 (Flyball, 3D)
|
Batting: RHB Marcell Ozuna
|
0-0: Ball 1-0: Called Strike 1-1: Foul Ball, location: 2F 1-2: Ball 2-2: Strikes out swinging
|
Batting: RHB Yulieski Gurriel
|
0-0: Reached on error, E5 (Groundball, 56)
|
Batting: LHB Yonder Alonso
|
0-0: Ball 1-0: Called Strike 1-1: Swinging Strike 1-2: Strikes out swinging
|
Top of the 6th over - 0 runs, 0 hits, 1 error, 1 left on base; Washington 0 - San Francisco 0 |
BOTTOM OF THE 6TH |
San Francisco Giants batting - Pitching for Washington Nationals : RHP Yu Darvish
|
Batting: RHB Chris Gimenez
|
0-0: Called Strike 0-1: Foul Ball, location: 2F 0-2: Foul Ball, location: 2F 0-2: Ball 1-2: Ball 2-2: Ball 3-2: SINGLE (Line Drive, 7S)
|
Batting: RHB Max Scherzer
|
0-0: Bunt - Flyout! F1
|
Pitching: RHP Zack Burdi
|
|
Batting: LHB Jon Jay
|
0-0: Swinging Strike 0-1: Foul Ball, location: 2F 0-2: Ball 1-2: Strikes out looking
|
Batting: RHB Dustin Pedroia
|
0-0: Ball 1-0: Ball 2-0: Ground out 5-3 (Groundball, 56S)
|
Bottom of the 6th over - 0 runs, 1 hit, 0 errors, 1 left on base; Washington 0 - San Francisco 0 |
TOP OF THE 7TH |
Washington Nationals batting - Pitching for San Francisco Giants : RHP Max Scherzer
|
Batting: RHB Chris Taylor
|
0-0: Ball 1-0: Swinging Strike 1-1: Ball 2-1: Swinging Strike 2-2: Ball 3-2: Strikes out swinging
|
Pitching: RHP Chris Hatcher
|
|
Batting: RHB Tyler Flowers
|
0-0: Ball 1-0: Called Strike 1-1: Foul Ball, location: 2F 1-2: Strikes out swinging
|
Pinch Hitting: SHB Alen Hanson
|
0-0: Ball 1-0: Fly out, F8 (Flyball, 8LD)
|
Top of the 7th over - 0 runs, 0 hits, 0 errors, 0 left on base; Washington 0 - San Francisco 0 |
BOTTOM OF THE 7TH |
San Francisco Giants batting - Pitching for Washington Nationals : RHP Zack Burdi
|
Pitching: LHP Adam Morgan
|
|
Batting: LHB Anthony Rizzo
|
0-0: Ball 1-0: Called Strike 1-1: Called Strike 1-2: Ball 2-2: Ball 3-2: Foul Ball, location: 2F 3-2: Fly out, F8 (Flyball, 8LM)
|
Batting: LHB Kyle Seager
|
0-0: Ball 1-0: Called Strike 1-1: Ground out 6-3 (Groundball, 4)
|
Batting: RHB Nelson Cruz
|
0-0: Fly out, F8 (Flyball, 8RXD)
|
Bottom of the 7th over - 0 runs, 0 hits, 0 errors, 0 left on base; Washington 0 - San Francisco 0 |
TOP OF THE 8TH |
Washington Nationals batting - Pitching for San Francisco Giants : RHP Chris Hatcher
|
Pitching: LHP Tony Watson
|
|
Batting: SHB Aaron Hicks
|
0-0: Ball 1-0: Foul Ball, location: 2F 1-1: Swinging Strike 1-2: Ball 2-2: Strikes out swinging
|
Pinch Hitting: RHB Steve Pearce
|
0-0: Fly out, F7 (Flyball, 7LS)
|
Batting: LHB Andrew Benintendi
|
0-0: Called Strike 0-1: Swinging Strike 0-2: Ball 1-2: Ball 2-2: Fly out, F6 (Popup, 6M)
|
Top of the 8th over - 0 runs, 0 hits, 0 errors, 0 left on base; Washington 0 - San Francisco 0 |
TOP OF THE 9TH |
Washington Nationals batting - Pitching for San Francisco Giants : LHP Tony Watson
|
Batting: RHB Marcell Ozuna
|
0-0: Ball 1-0: Swinging Strike 1-1: Ball 2-1: Ball 3-1: SINGLE (Flyball, 34D)
|
Batting: RHB Yulieski Gurriel
|
0-0: Ball 1-0: Ball Wild Pitch! Marcell Ozuna to second 2-0: Called Strike 2-1: Ball 3-1: Called Strike 3-2: Strikes out swinging
|
Batting: LHB Yonder Alonso
|
0-0: Ball 1-0: Called Strike 1-1: Fly out, F2 (Popup, 5SF)
|
Batting: RHB Chris Taylor
|
0-0: Called Strike 0-1: Ground out 4-3 (Groundball, 4)
|
Top of the 9th over - 0 runs, 1 hit, 0 errors, 1 left on base; Washington 0 - San Francisco 2 |
|